 Dungeon Crawl Stone Soup version 0.31.0-11-ge490571c62 (webtiles) character file.

Game seed: 2936031528851285105

103163 zazu2006 the Spear-Bearer (level 16, 0/125 HPs)
             Began as a Gnoll Wanderer on Jan 27, 2024.
             Was the Champion of Vehumet.
             Constricted to death by an anaconda (3 damage)
             ... led by a naga ritualist
             ... on level 3 of the Snake Pit.
             The game lasted 01:14:08 (26248 turns).

zazu2006 the Spear-Bearer (Gnoll Wanderer)         Turns: 26248, Time: 01:14:09

Health: 0/125      AC: 19    Str: 17    XL:     16   Next: 8%
Magic:  27/31      EV: 12    Int: 24    God:    Vehumet [******]
Gold:   567        SH:  0    Dex: 12    Spells: 18/37 levels left

rFire   . . .        w - +12 glaive of Prune {freeze, Prune}
rCold   + . .        (shield currently unavailable)
rNeg    + + .        l - +3 ring mail {rC+}
rPois   .            x - +2 hat of a bazaar {^Contam Fly Int+6 SInv}
rElec   +            K - +0 cloak
rCorr   +            e - +0 pair of gloves "Iniw Bush" {*Corrode rElec Int+4}
SInv    +            H - +2 pair of boots of Inquiry {^Drain +Inv Fly rN++}
Will    ++...        C - amulet of reflection
Stlth   +            B - ring of resist corrosion
HPRegen 0.40/turn    S - ring of willpower
MPRegen 0.22/turn

%: corrode self (3%), reflection
@: confused, lethally poisoned (0 -> -16), flying, constricted
A: fangs 1, strong nose, distributed training
a: Renounce Religion, Evoke Invisibility


You were on level 3 of the Snake Pit.
You worshipped Vehumet.
Vehumet was exalted by your worship.
You visited 5 branches of the dungeon, and saw 26 of its levels.
You also visited: Ossuary and Gauntlet.

You collected 3199 gold pieces.
You spent 2632 gold pieces at shops.

Inventory:

Hand Weapons
 r - the +9 morningstar of Proximity {flame, rPois rCorr SInv}
   (You found it on level 2 of the Dungeon)

   rPois:     It protects you from poison SInv: It lets you see invisible.
   rCorr:     It protects you from acid and corrosion.
 w - the +12 glaive of Prune (weapon) {freeze, Prune}
   (You bought it in a shop on level 5 of the Dungeon)

   Prune:     It halves damage taken while paralysed, petrified or unconscious.
Missiles
 f - 23 poisoned darts (quivered)
Armour
 b - a +1 ring mail of fire resistance
 c - a +0 buckler
 e - the +0 pair of gloves "Iniw Bush" (worn) {*Corrode rElec Int+4}
   (You found it in a Gauntlet)

   Int+4:     It affects your intelligence (+4).
   rElec:     It insulates you from electricity.
   *Corrode:  It may corrode you when you take damage.
 l - a +3 ring mail of cold resistance (worn)
 x - the +2 hat of a bazaar (worn) {^Contam Fly Int+6 SInv}
   (You found it in a Gauntlet)

   Int+6:     It affects your intelligence (+6).
   SInv:      It lets you see invisible.
   Fly:       It grants you flight.
   ^Contam:   It causes magical contamination when unequipped.
 H - the +2 pair of boots of Inquiry (worn) {^Drain +Inv Fly rN++}
   (You found it in a Gauntlet)

   rN++:      It greatly protects you from negative energy.
   +Inv:      It lets you turn invisible.
   Fly:       It grants you flight.
   ^Drain:    It drains your maximum health when unequipped.
 K - a +0 cloak (worn)
Jewellery
 g - a ring of protection from cold
 B - a ring of resist corrosion (left hand)
 C - an amulet of reflection (around neck)
 S - a ring of willpower (right hand)
 U - a ring of protection from fire
 V - a ring of positive energy
 W - a ring of flight
Wands
 n - a wand of paralysis (20)
 v - a wand of polymorph (27)
 Q - a wand of flame (40)
 R - a wand of iceblast (14)
Scrolls
 a - a scroll of silence
 i - a scroll of identify
 m - 14 scrolls of teleportation
 q - 2 scrolls of enchant weapon {unknown}
 s - a scroll of vulnerability {unknown}
 t - a scroll of revelation
 A - a scroll of fog
 P - 3 scrolls of fear
 Y - a scroll of butterflies {unknown}
Potions
 d - 5 potions of lignification
 h - 6 potions of ambrosia
 j - 5 potions of heal wounds
 k - 6 potions of haste
 u - 4 potions of brilliance {unknown}
 z - 2 potions of berserk rage
 D - a potion of might
 E - 4 potions of curing
 G - 2 potions of attraction {unknown}
 I - 3 potions of magic
 J - 3 potions of cancellation
 T - a potion of invisibility {unknown}
Miscellaneous
 o - a lightning rod (4/4)
 X - a tin of tremorstones (2/2)


   Skills:
 + Level 11.3 Fighting
 + Level 11.0 Short Blades
 + Level 11.0 Long Blades
 + Level 11.3 Axes
 + Level 11.0 Maces & Flails
 + Level 14.8 Polearms
 + Level 11.0 Staves
 + Level 11.0 Ranged Weapons
 + Level 11.0 Throwing
 + Level 11.0 Armour
 + Level 11.3 Dodging
 + Level 11.2 Stealth
 + Level 11.3 Shields
 + Level 11.0 Unarmed Combat
 + Level 11.0 Spellcasting
 + Level 9.2 Conjurations
 + Level 9.2 Hexes
 + Level 9.2 Summonings
 + Level 9.2 Necromancy
 + Level 9.2 Translocations
 + Level 9.2 Fire Magic
 + Level 9.2 Ice Magic
 + Level 9.2 Air Magic
 + Level 9.2 Earth Magic
 + Level 9.2 Alchemy
 + Level 11.9 Invocations
 + Level 11.0 Evocations
 + Level 10.1 Shapeshifting


You had 18 spell levels left.
You knew the following spells:

 Your Spells              Type           Power      Damage    Failure   Level
a - Magic Dart            Conj           100%       1d8       1%          1
b - Blink                 Tloc           100%       N/A       1%          2
c - Mephitic Cloud        Conj/Alch/Air  55%        N/A       1%          3
d - Fireball              Conj/Fire      27%        3d12      1%          5
e - Stone Arrow           Conj/Erth      100%       3d13      1%          3
f - Lee's Rapid Deconstr  Erth           27%        3d15*     1%          5

Your spell library contained the following spells:

 Spells                   Type           Power      Damage    Failure   Level
 Bombard                  Conj/Erth      27%        9d5       7%          6
 Kiss of Death            Conj/Necr      100%       2d13      1%          1
 Summon Small Mammal      Summ           100%       N/A       1%          1
 Call Imp                 Summ           100%       N/A       1%          2
 Ensorcelled Hibernation  Hex/Ice        100%       N/A       1%          2
 Jinxbite                 Hex            100%       N/A       1%          2
 Lesser Beckoning         Tloc           100%       N/A       1%          2
 Call Canine Familiar     Summ           55%        N/A       1%          3
 Confusing Touch          Hex            55%        N/A       1%          3
 Frozen Ramparts          Ice            100%       1d16      1%          3
 Fugue of the Fallen      Necr           55%        N/A       1%          3
 Gell's Gravitas          Tloc           55%        N/A       1%          3
 Ozocubu's Armour         Ice            55%        N/A       1%          3
 Teleport Other           Tloc           55%        N/A       1%          3
 Anguish                  Hex/Necr       27%        N/A       1%          4
 Animate Armour           Summ/Erth      100%       N/A       1%          4
 Dispel Undead            Necr           55%        3d20      1%          4
 Leda's Liquefaction      Alch/Erth      27%        N/A       1%          4
 Petrify                  Alch/Erth      55%        N/A       1%          4
 Summon Blazeheart Golem  Fire/Summ      55%        N/A       1%          4
 Yara's Violent Unravell  Hex/Alch       27%        3d12      1%          5
 Metabolic Englaciation   Hex/Ice        27%        N/A       4%          5
 Sculpt Simulacrum        Ice/Alch       27%        N/A       26%         6
 Enfeeble                 Hex            27%        N/A       82%         7
 Lehudib's Crystal Spear  Conj/Erth      27%        10d7      93%         8


Dungeon Overview and Level Annotations

Branches:
Dungeon (15/15)            Temple (1/1) D:5            Lair (5/5) D:11
 Shoals (0/4) Lair:3        Snake (3/4) Lair:3        Slime (0/5) Lair:5
    Orc (2/2) D:10            Elf (0/3) Orc:2        Vaults (0/5) D:13
 Depths (0/4) D:15        Ossuary (visited)         Gauntlet (visited)

Altars:
Ashenzari
Cheibriados
Dithmenos
Elyvilon
Fedhas
Gozag
Hepliaklqana
Kikubaaqudgha
Makhleb
Okawaru
Qazlal
Ru
Sif Muna
Trog
Uskayaw
Vehumet
Wu Jian
Xom
Yredelemnul
Zin
The Shining One
Jiyva

Shops:
D:5 ([(((   D:6 =   D:7 =   D:15 [   Orc:2 =(!*!

Portals:
Pandemonium: Orc:2


Innate Abilities, Weirdness & Mutations

You have very sharp teeth.
Your uncanny sense of smell can sniff out nearby items.
Your experience applies equally to all skills.


Message History

The shock serpent misses the guardian serpent.
The shock serpent bites itself.
The black mamba closely misses you.
The anaconda misses the black mamba.
The anaconda is engulfed in noxious fumes.
The anaconda appears confused.
The anaconda bites the anaconda!
The anaconda constricts you.
* * * LOW HITPOINT WARNING * * *
Unknown command.
You feel better.
You are engulfed in noxious fumes.
You choke on the stench!
You are confused.
The black mamba misses you.
A black mamba comes into view.
The guardian serpent coils itself and waves its upper body at you.
You resist with almost no effort.
The anaconda misses the black mamba.
The anaconda is engulfed in noxious fumes.
The anaconda bites you but does no damage.
The anaconda constricts you.
* * * LOW HITPOINT WARNING * * *
A naga comes into view. It is wielding a +0 hand axe.
The naga warrior hits you but does no damage.
The black mamba bites you.
* * * LOW HITPOINT WARNING * * *
You are lethally poisoned!
The black mamba poisons you! The anaconda closely misses you.
The guardian serpent hits you.
* * * LOW HITPOINT WARNING * * *
The shock serpent is engulfed in noxious fumes.
The shock serpent closely misses you.
Unknown command.
It was a potion of cancellation.
Your magical effects are unravelling.
You feel magically purged.
You are engulfed in noxious fumes.
You choke on the stench!
You are more confused.
* * * LOW HITPOINT WARNING * * *
You feel very sick.
The anaconda is engulfed in noxious fumes.
The anaconda bites you but does no damage.
The anaconda constricts you.
You die...

#. .... ∆
.##$..# N
.........
....?...
..∆##...#.#
###SN##SS.#.# #
..#.#.SSS>.#.#
. ..N #N@§....#
.. .. #SS☼....#
....##S
#S<....##
#.....##......#
#. #.......##
...#..##......#
#./........%##
##.......####
#.###...##


You could see a naga warrior, 3 anacondas, a shock serpent (confused), a
guardian serpent, 3 black mambas and a naga.

Vanquished Creatures
  Louise (D:15)
  A minotaur (Gauntlet)
  The ghost of PaiMei the Black Sun, a journeyman DsNe of Kikubaaqudgha (Lair:5)
  A sphinx zombie (D:15)
  A catoblepas (Lair:5)
  A demonspawn (Orc:2)
  Erica (Orc:1)
  3 two-headed ogres
  4 centaur warriors
  An ogre mage (D:13)
  6 hydras
  4 boulder beetles
  A naga warrior (Snake:1)
  4 tengu warriors
  2 hell hogs
  4 orc high priests (Orc:2)
  A vampire mage (D:15)
  A storm dragon zombie (D:15)
  A shock serpent (Snake:2)
  A fire crab (Lair:5)
  A skyshark (Lair:5)
  Nergalle (D:11)
  2 skeletal warriors (D:15)
  Lodul (D:11)
  2 mana vipers (Snake:1)
  Pikel (D:4)
  A deep elf pyromancer (D:14)
  2 lindwurms (Lair:2)
  6 orc knights
  2 necromancers
  10 orc sorcerers
  2 oklob plants
  4 manticores
  A salamander (Snake:2)
  8 elephants
  3 ugly things
  2 cyclopes (D:15)
  3 meliai (D:13)
  A black mamba (shapeshifter) (D:14)
  15 black mambas
  A gargoyle (D:14)
  2 rust devils (Orc:2)
  2 kobold demonologists
  9 cane toads
  A freezing wraith (D:14)
  A rime drake (Lair:5)
  12 komodo dragons
  A yaktaur (D:13)
  9 polar bears (Lair:5)
  3 tengu conjurers (D:15)
  5 trolls
  2 hellwings (Orc:2)
  A hornet (Lair:2)
  7 blink frogs
  11 slime creatures
  3 raiju (Lair:5)
  A spriggan zombie (D:15)
  A vampire (D:10)
  A centaur simulacrum (D:15)
  A shadow (D:12)
  2 wraiths
  4 wyverns
  A steam dragon (Lair:4)
  45 yaks
  3 fire bats (Gauntlet)
  7 basilisks
  6 wargs
  Grum (D:10)
  6 vampire mosquitoes
  A chaos spawn (Orc:2)
  6 nagas
  Edmund (D:4)
  15 hell hounds
  2 acid dragons
  10 water moccasins
  30 orc warriors
  11 black bears (Lair:5)
  4 laughing skulls
  An ice beast (D:8)
  A sky beast (D:6)
  14 centaurs
  28 wolves
  15 ogres
  2 phantoms
  4 kobold brigands
  12 bullfrogs
  3 wights (D:10)
  7 killer bees (D:9)
  2 bombardier beetles
  3 howler monkeys (D:9)
  An electric eel (D:11)
  37 orc priests
  A hound (D:6)
  5 jellies
  A sleepcap (D:7)
  Ijyb (D:4)
  Terence (D:2)
  2 iguanas
  18 orc wizards
  8 mummies (Ossuary)
  7 adders
  A gnoll (D:1)
  A shadow imp (D:6)
  A white imp (D:6)
  3 ribbon worms
  5 dart slugs
  87 orcs
  2 bats (D:1)
  10 endoplasms
  A giant cockroach (D:1)
  3 gnoll zombies (Ossuary)
  5 goblins
  6 hobgoblins
  14 kobolds
  3 quokkas
  A ball python (D:4)
  5 frilled lizards
  2 hobgoblin zombies (Ossuary)
  3 kobold zombies (Ossuary)
  5 rats
669 creatures vanquished.

Vanquished Creatures (others)
  An orc knight (Orc:2)
  An electric eel (D:11)
  An orc wizard (Orc:1)
3 creatures vanquished.

Grand Total: 672 creatures vanquished

Notes
Turn   | Place    | Note
-------+----------+-------------------------------------------
     0 | D:1      | Reached skill level 10 in Polearms
     0 | D:1      | zazu2006 the Gnoll Wanderer began the quest for the Orb.
     0 | D:1      | zazu2006 set off with the following items: a +2 spear, a +0
                  | hand axe, a +0 buckler, a potion of lignification, a +0
                  | leather armour.
     0 | D:1      | Reached XP level 1. HP: 17/17 MP: 1/1
   171 | D:1      | Reached XP level 2. HP: 19/23 MP: 2/2
   608 | D:1      | Reached XP level 3. HP: 20/28 MP: 2/4
   864 | D:2      | Reached skill level 1 in Invocations
   988 | D:2      | Reached skill level 1 in Short Blades
   988 | D:2      | Reached skill level 1 in Long Blades
   988 | D:2      | Reached skill level 1 in Maces & Flails
   988 | D:2      | Reached skill level 1 in Staves
   988 | D:2      | Reached skill level 1 in Ranged Weapons
   988 | D:2      | Reached skill level 1 in Throwing
   988 | D:2      | Reached skill level 1 in Armour
   988 | D:2      | Reached skill level 1 in Unarmed Combat
   988 | D:2      | Reached skill level 1 in Spellcasting
   988 | D:2      | Reached skill level 1 in Evocations
  1178 | D:2      | Reached skill level 1 in Shapeshifting
  1178 | D:2      | Reached XP level 4. HP: 32/34 MP: 5/5
  1260 | D:2      | Noticed Terence
  1270 | D:2      | Killed Terence
  1271 | D:2      | Reached skill level 1 in Conjurations
  1271 | D:2      | Reached skill level 1 in Hexes
  1271 | D:2      | Reached skill level 1 in Summonings
  1271 | D:2      | Reached skill level 1 in Necromancy
  1271 | D:2      | Reached skill level 1 in Translocations
  1271 | D:2      | Reached skill level 1 in Fire Magic
  1271 | D:2      | Reached skill level 1 in Ice Magic
  1271 | D:2      | Reached skill level 1 in Air Magic
  1271 | D:2      | Reached skill level 1 in Earth Magic
  1271 | D:2      | Reached skill level 1 in Alchemy
  1355 | D:2      | Found a faded altar of an unknown god.
  1697 | D:2      | Identified the +9 morningstar of Proximity {flame, rPois
                  | rCorr SInv}
  1936 | D:3      | Reached XP level 5. HP: 40/40 MP: 5/7
  2018 | D:3      | Found a white marble altar of Elyvilon.
  2310 | D:3      | Reached XP level 6. HP: 47/47 MP: 8/8
  2323 | D:3      | Learned a level 1 spell: Magic Dart
  2328 | D:3      | Learned a level 2 spell: Call Imp
  2331 | D:3      | Learned a level 2 spell: Blink
  2373 | D:3      | Found Ipuinwos's Book Emporium.
  2483 | D:3      | Found a hazy altar of Hepliaklqana.
  2705 | D:4      | Noticed Pikel
  2711 | D:4      | Killed Pikel
  2712 | D:4      | Reached XP level 7. HP: 48/53 MP: 8/11
  2900 | D:4      | Found a basalt altar of Yredelemnul.
  2907 | D:4      | Noticed Edmund
  2924 | D:4      | Killed Edmund
  2925 | D:4      | Reached XP level 8. HP: 34/60 MP: 12/12
  3143 | D:4      | Noticed Ijyb
  3152 | D:4      | Killed Ijyb
  3410 | D:5      | Entered Level 5 of the Dungeon
  3423 | D:5      | Found a staircase to the Ecumenical Temple.
  3436 | Temple   | Entered the Ecumenical Temple
  3467 | Temple   | Became a worshipper of Vehumet
  3536 | D:5      | Found Bimoaj's Armour Boutique.
  3538 | D:5      | Found Qisyg's Antique Weapon Shoppe.
  3562 | D:5      | Found Kivo's Antique Weapon Boutique.
  3566 | D:5      | Found Esosirap's Weapon Emporium.
  3720 | D:5      | Found Maulos's Weapon Emporium.
  3964 | D:6      | Found Likhiosk's Jewellery Shoppe.
  3968 | D:6      | Reached skill level 11 in Polearms
  4074 | D:6      | Found a sand-covered staircase.
  4079 | Ossuary  | Entered an ossuary
  4427 | D:6      | Reached * piety under Vehumet
  4427 | D:6      | Offered knowledge of Foxfire by Vehumet.
  4658 | D:6      | Noticed a purple ugly thing
  4671 | D:6      | Killed a purple ugly thing
  4672 | D:6      | Reached skill level 5 in Fighting
  4672 | D:6      | Reached skill level 5 in Axes
  4672 | D:6      | Reached skill level 5 in Dodging
  4672 | D:6      | Reached skill level 5 in Shields
  4672 | D:6      | Reached XP level 9. HP: 51/68 MP: 13/15
  5008 | D:6      | Found a stormy altar of Qazlal.
  5014 | D:6      | Found an opulent altar of Gozag.
  5015 | D:6      | Found a snail-covered altar of Cheibriados.
  5016 | D:6      | Found a blossoming altar of Fedhas.
  5016 | D:6      | Found a hide-covered altar of Uskayaw.
  5153 | D:7      | Found Ytomexiq's Jewellery Boutique.
  5471 | D:7      | Reached skill level 5 in Stealth
  6054 | D:8      | Reached skill level 5 in Invocations
  6094 | D:8      | Noticed a two-headed ogre
  6104 | D:8      | Killed a two-headed ogre
  6345 | D:8      | Reached skill level 5 in Short Blades
  6345 | D:8      | Reached skill level 5 in Long Blades
  6345 | D:8      | Reached skill level 5 in Maces & Flails
  6345 | D:8      | Reached skill level 5 in Staves
  6345 | D:8      | Reached skill level 5 in Ranged Weapons
  6345 | D:8      | Reached skill level 5 in Throwing
  6345 | D:8      | Reached skill level 5 in Armour
  6345 | D:8      | Reached skill level 5 in Unarmed Combat
  6345 | D:8      | Reached skill level 5 in Spellcasting
  6345 | D:8      | Reached skill level 5 in Evocations
  6345 | D:8      | Reached XP level 10. HP: 76/76 MP: 17/17
  7000 | D:8      | Reached skill level 5 in Shapeshifting
  7320 | D:9      | Offered knowledge of Static Discharge by Vehumet.
  7525 | D:9      | Reached ** piety under Vehumet
  7613 | D:9      | Found a broken altar of Ashenzari.
  8142 | D:10     | Entered Level 10 of the Dungeon
  8491 | D:10     | Noticed Grum
  8511 | D:10     | Killed Grum
  8727 | D:10     | Reached skill level 12 in Polearms
  8745 | D:10     | Found an ancient bone altar of Kikubaaqudgha.
  8747 | D:10     | Found an ornate altar of the Wu Jian Council.
  8770 | D:10     | Reached skill level 5 in Conjurations
  8770 | D:10     | Reached skill level 5 in Hexes
  8770 | D:10     | Reached skill level 5 in Summonings
  8770 | D:10     | Reached skill level 5 in Necromancy
  8770 | D:10     | Reached skill level 5 in Translocations
  8770 | D:10     | Reached skill level 5 in Fire Magic
  8770 | D:10     | Reached skill level 5 in Ice Magic
  8770 | D:10     | Reached skill level 5 in Air Magic
  8770 | D:10     | Reached skill level 5 in Earth Magic
  8770 | D:10     | Reached skill level 5 in Alchemy
  8928 | D:10     | Reached XP level 11. HP: 60/83 MP: 20/20
  9241 | D:10     | Found a staircase to the Orcish Mines.
  9251 | D:10     | Offered knowledge of Mephitic Cloud by Vehumet.
  9268 | D:10     | Reached *** piety under Vehumet
  9286 | D:10     | Learned a level 3 spell: Mephitic Cloud
  9750 | D:11     | Noticed a manticore
 10142 | D:13     | Offered knowledge of Ignite Poison by Vehumet.
 10304 | D:13     | Noticed a six-headed hydra
 10391 | D:13     | Noticed a white ugly thing
 10420 | D:13     | Noticed a two-headed ogre
 10421 | D:13     | Noticed an orc knight
 10428 | D:13     | Killed a two-headed ogre
 10437 | D:13     | Noticed a centaur warrior
 10447 | D:13     | Killed an orc knight
 10449 | D:13     | Killed a centaur warrior
 10459 | D:13     | Noticed a boulder beetle
 10464 | D:13     | Killed a white ugly thing
 10484 | D:13     | Killed a boulder beetle
 10489 | D:13     | Reached XP level 12. HP: 32/91 MP: 16/22
 10662 | D:13     | Noticed an ogre mage
 10683 | D:13     | Killed an ogre mage
 10819 | D:13     | Found a gate to the Vaults.
 10894 | D:13     | Reached **** piety under Vehumet
 11354 | D:13     | Noticed a tengu warrior
 11368 | D:13     | Killed a tengu warrior
 11453 | D:14     | Noticed a tengu warrior
 11453 | D:14     | Noticed a tengu warrior
 11470 | D:14     | Killed a tengu warrior
 11472 | D:14     | Killed a tengu warrior
 11588 | D:14     | Noticed a centaur warrior
 11597 | D:14     | Killed a centaur warrior
 11913 | D:14     | Offered knowledge of Fireball by Vehumet.
 12024 | D:15     | Entered Level 15 of the Dungeon
 12024 | D:15     | Found Hiagex's Antique Armour Emporium.
 12030 | D:15     | Noticed a centaur warrior
 12036 | D:15     | Killed a centaur warrior
 12140 | D:15     | Noticed a tengu warrior
 12148 | D:15     | Killed a tengu warrior
 12454 | D:15     | Learned a level 5 spell: Fireball
 12665 | D:15     | Reached skill level 13 in Polearms
 12817 | D:15     | Found an ornate altar of the Wu Jian Council.
 12876 | D:15     | Reached XP level 13. HP: 13/99 MP: 25/25
 13149 | D:15     | Found a staircase to the Depths.
 13521 | D:15     | Noticed Louise
 13540 | D:15     | Killed Louise
 14068 | D:14     | Reached ***** piety under Vehumet
 14691 | D:12     | Identified the +2 ring mail of Love and Death {Int+4}
 14828 | D:12     | Offered knowledge of Conjure Ball Lightning by Vehumet.
 15723 | D:11     | Noticed Nergalle
 15736 | D:11     | Killed Nergalle
 16137 | D:11     | Found a staircase to the Lair.
 16139 | D:11     | Noticed Lodul
 16178 | D:11     | Killed Lodul
 16854 | D:10     | Found a sacrificial altar of Ru.
 16958 | Lair:1   | Entered Level 1 of the Lair of Beasts
 17206 | Lair:2   | Reached XP level 14. HP: 64/108 MP: 27/27
 17254 | Lair:2   | Learned a level 3 spell: Stone Arrow
 17300 | Lair:2   | Reached skill level 10 in Invocations
 17468 | Lair:2   | Offered knowledge of Starburst by Vehumet.
 18065 | Lair:3   | Found a staircase to the Shoals.
 18373 | Lair:5   | Entered Level 5 of the Lair of Beasts
 18515 | Lair:5   | Reached skill level 10 in Fighting
 18515 | Lair:5   | Reached skill level 10 in Axes
 18515 | Lair:5   | Reached skill level 10 in Dodging
 18515 | Lair:5   | Reached skill level 10 in Shields
 18545 | Lair:5   | Found a gate leading to a gauntlet.
 18573 | Lair:5   | Reached skill level 10 in Stealth
 18576 | Gauntlet | Entered a Gauntlet
 18576 | Gauntlet | Found a transporter.
 18587 | Gauntlet | Found a transporter.
 18600 | Gauntlet | Found a transporter.
 18607 | Gauntlet | Found a transporter.
 18622 | Gauntlet | Found a transporter.
 18641 | Gauntlet | Found a transporter.
 18653 | Gauntlet | Found a transporter.
 18665 | Gauntlet | Found a transporter.
 18677 | Gauntlet | Found a transporter.
 18689 | Gauntlet | Found a transporter.
 18706 | Gauntlet | Found a transporter.
 18723 | Gauntlet | Found a transporter.
 18725 | Gauntlet | Found a transporter.
 18751 | Gauntlet | Found a transporter.
 18753 | Gauntlet | Found a transporter.
 18755 | Gauntlet | Found a transporter.
 18801 | Gauntlet | Found a transporter.
 18810 | Gauntlet | Found a transporter.
 18830 | Gauntlet | Reached skill level 14 in Polearms
 18836 | Gauntlet | Identified the +2 pair of boots of Inquiry {^Drain +Inv Fly
                  | rN++}
 18905 | Gauntlet | Identified the +0 pair of gloves "Iniw Bush" {*Corrode
                  | rElec Int+4}
 18947 | Gauntlet | Identified the +2 ring mail of Ignis's Fury {Dex+3}
 18967 | Gauntlet | Identified the +2 hat of a bazaar {^Contam Fly Int+6 SInv}
 18967 | Gauntlet | Identified the +7 war axe of the Queen {vamp, rElec Will+
                  | Int+2 Stlth-}
 19408 | Lair:5   | Found a viscous altar of Jiyva.
 19408 | Lair:5   | Found a staircase to the Slime Pits.
 19410 | Lair:5   | Found a runed translucent door.
 19412 | Lair:5   | Noticed PaiMei's ghost (journeyman DsNe)
 19436 | Lair:5   | Killed PaiMei's ghost
 19552 | Lair:5   | Offered knowledge of Lee's Rapid Deconstruction by Vehumet.
 19559 | Lair:5   | Learned a level 5 spell: Lee's Rapid Deconstruction
 19729 | Lair:5   | Reached skill level 10 in Short Blades
 19729 | Lair:5   | Reached skill level 10 in Long Blades
 19729 | Lair:5   | Reached skill level 10 in Maces & Flails
 19729 | Lair:5   | Reached skill level 10 in Staves
 19729 | Lair:5   | Reached skill level 10 in Ranged Weapons
 19729 | Lair:5   | Reached skill level 10 in Throwing
 19729 | Lair:5   | Reached skill level 10 in Armour
 19729 | Lair:5   | Reached skill level 10 in Unarmed Combat
 19729 | Lair:5   | Reached skill level 10 in Spellcasting
 19729 | Lair:5   | Reached skill level 10 in Evocations
 19923 | Lair:5   | Reached XP level 15. HP: 79/117 MP: 24/29
 20251 | Lair:5   | Identified the +2 hand axe of Sloth {drain, SInv Stlth+}
 20369 | Lair:5   | Got an earthy gem with 744 turns to spare
 20377 | Lair:5   | Identified the maw talisman "Seomp" {+Blink rF- Str-2
                  | Dex+8}
 20459 | Lair:5   | Offered knowledge of Plasma Beam by Vehumet.
 21038 | Lair:3   | Found a staircase to the Snake Pit.
 22316 | Lair:2   | Identified the +0 scale mail of Atheism {Slay+2}
 22499 | Lair:2   | Identified the +2 war axe of Punishment {venom, Str+3 Dex+2
                  | Stlth+}
 23623 | Orc:1    | Entered Level 1 of the Orcish Mines
 23649 | Orc:1    | Noticed Erica
 23963 | Orc:1    | Killed Erica
 24178 | Orc:2    | Entered Level 2 of the Orcish Mines
 24230 | Orc:2    | Found Heasyn's Distillery.
 24242 | Orc:2    | Bought a potion of berserk rage for 75 gold pieces
 24311 | Orc:2    | Found a staircase to the Elven Halls.
 24404 | Orc:2    | Offered knowledge of Arcjolt by Vehumet.
 24695 | Orc:2    | Found Iqisean's General Store.
 24696 | Orc:2    | Found Udopru Rugy's Distillery.
 24864 | Orc:2    | Reached ****** piety under Vehumet
 25067 | Orc:2    | Bought a potion of heal wounds for 80 gold pieces
 25448 | Orc:2    | Found Tuhugoum's Jewellery Shop.
 25448 | Orc:2    | Found a one-way gate leading to the halls of Pandemonium.
 25448 | Orc:2    | Found Diucott's Antique Weapon Boutique.
 25460 | Orc:2    | Bought a smoking trident for 195 gold pieces
 25460 | Orc:2    | Identified the +4 trident "Boxtom" {flame, rF- Int+4} (You
                  | bought it in a shop on level 2 of the Orcish Mines)
 25703 | D:5      | Bought the +12 glaive of Prune {freeze, Prune} for 2282
                  | gold pieces
 25703 | D:5      | Found the +12 glaive of Prune {freeze, Prune}
 25962 | Snake:1  | Entered Level 1 of the Snake Pit
 25964 | Snake:1  | Reached skill level 10 in Shapeshifting
 25971 | Snake:1  | Identified the +2 robe of Courage {Harm rN+ Str+5}
 26085 | Snake:1  | Reached XP level 16. HP: 82/125 MP: 30/30
 26207 | Snake:2  | Offered knowledge of Bombard by Vehumet.
 26248 | Snake:3  | HP: 3/125 [poisoned by a black mamba]
 26248 | Snake:3  | Constricted to death by an anaconda

Illustrated notes

Levels and vault maps discovered:
D:1:      evilmike_arrival_rings, layout_basic, minmay_distorted
D:2:      layout_basic, shapermc_ecumenical_altar_ellora, minmay_tromino_v4_a,
          uniq_terence
D:3:      layout_basic, mainiacjoe_overflow_concentric_impassable,
          nicolae_hepliaklqana_hippocampus, serial_shops,
          nicolae_shop_tiny_real_fake_doors
D:4:      layout_loops_ring, overflow_temple_1_default,
          nicolae_overflow_hidden_temple, corexii_checkpoint, uniq_pikel,
          uniq_edmund, uniq_ijyb
D:5:      layout_cave_pools, minmay_temple_entry_sparse_star, serial_shops,
          shop, nicolae_shop_window_shopping, nicolae_shop_scrapyard, shop,
          nicolae_shop_bloodbath_and_beyond
D:6:      layout_loops_ring, minitemple, enter_ossuary_5, serial_shops,
          nicolae_shop_advertising_works [nicolae_subvault_shop_adworks],
          minmay_three_doors
D:7:      layout_loops_ring, serial_shops, shop, moated_statue, minmay_holes
D:8:      layout_loops_corners
D:9:      layout_gridville, mainiacjoe_overflow_paths
D:10:     layout_gridville, nicolae_ru_path_of_blood,
          chequers_temple_overflow_statue_of_worship, hiddenorc2_lemuel,
          due_unseen_surprise, uniq_grum
D:11:     wad_woods_pond, layout_basic, uniq_lodul, uniq_nergalle
D:12:     layout_roguey, drop_trap, st_stairs_14,
          eino_small_chamber_without_monster, hex_tiny, bh_walls_and_bars
D:13:     layout_gridville, hangedman_vaults_entry_quadrant_bands,
          kennysheep_generic_room_14
D:14:     layout_roguey
D:15:     gammafunk_depths_entry_grave, layout_basic,
          nicolae_wu_jian_immortal_techniques, serial_shops,
          nicolae_shop_tiny_waterfront, nicolae_titane, uniq_louise
Temple:   kb_temple_of_zot
Lair:1:   layout_chaotic_city, dreamdust_mushroom_princess, lemuel_old_faithful,
          lemuel_fruit_fields
Lair:2:   layout_misc_corridors, nicolae_lair_lindhole
Lair:3:   layout_cave_pods, shoals_dummy_entry, nicolae_snake_entry_squirm
Lair:4:   layout_regular_city, serial_bayou_pond_d, grunt_megastairs_2,
          infiniplex_staircase_pool_2
Lair:5:   hangedman_lair_caniforms_friends, layout_small_grid,
          nicolae_slime_entry_slimehenge, ebering_ghost_reflecting_pool,
          gauntlet_entry_generic, minmay_stone_trees_medium
Snake:1:  layout_grid_shapes
Snake:2:  layout_cave_shapes, uniq_aizul
Snake:3:  layout_onion_interference, nicolae_shop_clearance, minmay_shop_grove
Orc:1:    layout_diamond_mine, uniq_erica
Orc:2:    pf_orc_diabolical, layout_diamond_mine, serial_shops,
          nicolae_shop_just_a_little_nook

Skill      XL: |  1  2  3  4  5  6  7  8  9 10 11 12 13 14 15 16 |
---------------+-------------------------------------------------+-----
Polearms       | 11 12 13 14 | 14.8
Invocations    | 1 2 3 4 5 6 7 8 9 10 11 | 11.9
Short Blades   | 1 2 3 4 5 6 7 8 9 10 11 | 11.0
Long Blades    | 1 2 3 4 5 6 7 8 9 10 11 | 11.0
Maces & Flails | 1 2 3 4 5 6 7 8 9 10 11 | 11.0
Staves         | 1 2 3 4 5 6 7 8 9 10 11 | 11.0
Ranged Weapons | 1 2 3 4 5 6 7 8 9 10 11 | 11.0
Throwing       | 1 2 3 4 5 6 7 8 9 10 11 | 11.0
Armour         | 1 2 3 4 5 6 7 8 9 10 11 | 11.0
Unarmed Combat | 1 2 3 4 5 6 7 8 9 10 11 | 11.0
Spellcasting   | 1 2 3 4 5 6 7 8 9 10 11 | 11.0
Evocations     | 1 2 3 4 5 6 7 8 9 10 11 | 11.0
Shapeshifting  | 1 2 3 4 5 6 7 8 9 10 | 10.1
Conjurations   | 1 2 3 4 5 6 7 8 9 |  9.2
Hexes          | 1 2 3 4 5 6 7 8 9 |  9.2
Summonings     | 1 2 3 4 5 6 7 8 9 |  9.2
Necromancy     | 1 2 3 4 5 6 7 8 9 |  9.2
Translocations | 1 2 3 4 5 6 7 8 9 |  9.2
Fire Magic     | 1 2 3 4 5 6 7 8 9 |  9.2
Ice Magic      | 1 2 3 4 5 6 7 8 9 |  9.2
Air Magic      | 1 2 3 4 5 6 7 8 9 |  9.2
Earth Magic    | 1 2 3 4 5 6 7 8 9 |  9.2
Alchemy        | 1 2 3 4 5 6 7 8 9 |  9.2
Fighting       | 3 4 5 6 7 8 9 10 11 | 11.3
Axes           | 3 4 5 6 7 8 9 10 11 | 11.3
Dodging        | 3 4 5 6 7 8 9 10 11 | 11.3
Shields        | 3 4 5 6 7 8 9 10 11 | 11.3
Stealth        | 3 4 5 6 7 8 9 10 11 | 11.2

Action                     |  1- 3 |  4- 6 |  7- 9 | 10-12 | 13-15 | 16-18 || total
---------------------------+-------+-------+-------+-------+-------+-------++-------
  Melee: Spear             |    84 |     8 |       |       |       |       ||    92
         Bite              |     5 |     2 |     8 |    64 |   171 |     3 ||   253
         Morningstar       |       |    56 |   193 |   441 |  1144 |       ||  1834
         Unarmed           |       |       |     4 |       |       |       ||     4
         Glaive            |       |       |       |       |    23 |    25 ||    48
  Throw: Dart              |     4 |     7 |    14 |    15 |       |       ||    40
   Cast: Blink             |       |       |       |     2 |     7 |     1 ||    10
         Mephitic Cloud    |       |       |       |    32 |   120 |     2 ||   154
         Magic Dart        |       |       |       |     9 |     4 |       ||    13
         Fireball          |       |       |       |       |    14 |       ||    14
         Stone Arrow       |       |       |       |       |    61 |       ||    61
  Evoke: Wand              |       |       |       |     9 |     7 |       ||    16
         Lightning rod     |       |       |       |       |     3 |       ||     3
    Use: Scroll            |       |     1 |     1 |     1 |    17 |       ||    20
         Potion            |       |       |       |       |     4 |     3 ||     7
   Stab: Sleeping          |       |       |     3 |     3 |    11 |     3 ||    20
         Paralysed         |       |       |       |     6 |     4 |       ||    10
         Confused          |       |       |       |    22 |   101 |     3 ||   126
         Distracted        |       |       |       |       |     3 |       ||     3
         Petrified         |       |       |       |       |     2 |       ||     2
 Armour: Leather armour    |    22 |       |       |       |       |       ||    22
         Ring mail         |     5 |    61 |    79 |   374 |   577 |    22 ||  1118
  Dodge: Dodged            |    30 |    45 |    73 |   256 |   525 |    16 ||   945
  Block: Buckler           |    11 |    11 |    65 |   283 |   571 |       ||   941
         Reflection        |       |       |     2 |    12 |     4 |       ||    18
         Other             |       |       |       |       |     3 |     3 ||     6
